 Dungeon Crawl Stone Soup version 0.20-a0-792-g09bcfd3 (webtiles) character file.

1079 rgaf the Grappler (level 8, -5/64 HPs)
             Began as a Ghoul Monk on Feb 27, 2017.
             Was a Believer of Makhleb.
             Slain by a two-headed ogre
             ... wielding a +0 giant spiked club
              (23 damage)
             ... on level 5 of the Dungeon on Mar 1, 2017.
             The game lasted 00:07:18 (4790 turns).

rgaf the Grappler (Ghoul Monk)                      Turns: 4790, Time: 00:07:22

Health: -5/64      AC:  7    Str: 14 (17) XL:     8   Next: 29%
Magic:  7/7        EV: 11    Int:  2 (5)  God:    Makhleb [**....]
Gold:   377        SH:  0    Dex: 10 (11) Spells: 7/7 levels left

rFire    + . .     SeeInvis +     - Unarmed
rCold    + + .     Gourm    .   s - +0 ring mail
rNeg     + + +     Faith    .   (no shield)
rPois    ∞         Spirit   .   (no helmet)
rElec    +         Reflect  .   r - +1 cloak
rCorr    +         Harm     .   (no gloves)
MR       +....                  (no boots)
Stlth    +.........             (no amulet)
Regen    0.0/turn               x - ring of protection from magic
MPRegen  0.1/turn               u - ring of see invisible

@: resistant, flying, rotting
A: rotting body, claws 1, carnivore 3, cold resistance 1, negative energy
resistance 3, inhibited regeneration, torment resistance, unbreathing
a: Minor Destruction, Renounce Religion


You were on level 5 of the Dungeon.
You worshipped Makhleb.
Makhleb was pleased with you.
You were not hungry.

You visited 2 branches of the dungeon, and saw 6 of its levels.

You collected 377 gold pieces.

Inventory:

Armour
 a - a +0 robe
 r - a +1 cloak (worn)
 s - a +0 ring mail (worn)
Jewellery
 u - a ring of see invisible (left claw)
 x - a ring of protection from magic (right claw)
 C - an uncursed ring of resist corrosion
 D - an uncursed ring of wizardry
Wands
 d - a wand of digging (24/24)
 p - a wand of flame (9/48)
 A - a wand of random effects (29/48)
Scrolls
 c - a scroll of teleportation
 e - 2 scrolls of blinking
 f - a scroll of enchant weapon
 t - 2 scrolls of enchant armour
 y - a scroll of immolation {unknown}
 z - a scroll of magic mapping
 B - a scroll of recharging
Potions
 g - a potion of mutation
 h - a potion of brilliance
 i - 6 potions of curing {unknown}
 l - a potion of magic
 m - a potion of might
 n - a potion of flight
 o - a potion of resistance
 q - 2 potions of haste {unknown}
Comestibles
 b - 4 meat rations
 k - a royal jelly
 E - 9 chunks of flesh


   Skills:
 + Level 3.6 Fighting
 + Level 1.0 Armour
 - Level 2.6 Dodging
 - Level 2.1 Stealth
 + Level 10.4 Unarmed Combat
 + Level 1.2 Invocations


You had 7 spell levels left.
You didn't know any spells.

Dungeon Overview and Level Annotations

Branches:
Dungeon (5/15)             Temple (1/1) D:5

Altars:
Ashenzari
Cheibriados
Elyvilon
Gozag
Hepliaklqana
Makhleb
Nemelex Xobeh
Qazlal
Ru
Sif Muna
Trog
Vehumet
Wu Jian
Xom
Yredelemnul
Zin

Annotations:
D:5 Prince Ribbit


Innate Abilities, Weirdness & Mutations

Your body is rotting away.
You thrive on raw meat.
You are immune to poison.
You have sharp fingernails.
You are carnivorous and can eat meat at any time.
Your flesh is cold resistant. (rC+)
You are immune to negative energy. (rN+++)
You do not regenerate when monsters are visible.
You are immune to unholy pain and torment.
You can survive without breathing.


Message History

The puff of flame misses the two-headed ogre.
Evoking this partially-identified wand wasted a few charges.
It was a potion of flight.
You feel very buoyant.
You fly up into the air.
It was a potion of resistance.
You feel protected. The two-headed ogre misses you.
The two-headed ogre hits you with a giant club!
It was a potion of berserk rage.
You cannot raise a blood rage in your lifeless body.
The two-headed ogre hits you with a giant spiked club!
The two-headed ogre closely misses you.
It was a potion of degeneration.
There was something very wrong with that liquid.
You feel weakened.
You feel dopey.
You feel clumsy.
The two-headed ogre hits you with a giant spiked club!!
* * * LOW HITPOINT WARNING * * *
The two-headed ogre hits you with a giant club!!
You die...

,,,,,,,,,,,,,,,,*
#.....#......
,,,,,,,,,,,,,,,,*
#.....#...#8.
,,,,,,,*+*,,,,,,*
#.....#...8..
*,,,,,,*,********
##'#######8.> ,,,**,,*,*
#.# #8.. **,,,,,,,*#####
#.# #####88
,,,,,,,,,*#...# #.#
#....##
*,,,,,,,,##...########.#
#....#
,,,,,,,*,#.....O@......#
#....#
*,******,#.#############
#....# ,,,,,,,,,#.#
#....# *,*******#.#
#....## *,,.O......#
##...... **,........#
#....... *,#.....#.#
#####.#.#### *,#.###.#.#
#=....#.# # *,#,*
#.#.###########.#####.#
#


You could see a two-headed ogre.

Vanquished Creatures
  Edmund (D:3)
  Duvessa (D:5)
  A phantom (D:5)
  2 ogres
  A big kobold (D:5)
  Dowan (D:5)
  A howler monkey (D:4)
  An orc priest (D:4)
  2 hounds
  2 orc wizards
  Crazy Yiuf (D:2)
  A bullfrog skeleton (D:4)
  Natasha (twice) (D:4)
  A hound skeleton (D:3)
  A howler monkey zombie (D:4)
  Robin (D:3)
  4 adders
  2 river rats (D:3)
  An ooze (D:2)
  A worm (D:3)
  3 dart slugs
  5 leopard geckos
  10 orcs
  2 ball pythons (D:1)
  7 bats
  5 giant cockroaches
  14 goblins
  9 hobgoblins
  7 jackals
  9 kobolds
  2 quokkas (D:2)
  6 frilled lizards
  11 rats
118 creatures vanquished.

Notes
Turn   | Place    | Note
-------+----------+-------------------------------------------
     0 | D:1      | rgaf the Ghoul Monk began the quest for the Orb.
     0 | D:1      | Reached XP level 1. HP: 19/19 MP: 0/0
    37 | D:1      | Reached XP level 2. HP: 15/26 MP: 1/1
    43 | D:1      | Reached skill level 4 in Unarmed Combat
   381 | D:1      | Reached XP level 3. HP: 30/31 MP: 2/2
   624 | D:2      | Reached skill level 5 in Unarmed Combat
   911 | D:2      | Reached XP level 4. HP: 33/38 MP: 3/3
  1413 | D:2      | Found a runed door.
  1607 | D:2      | Noticed Crazy Yiuf
  1612 | D:2      | Killed Crazy Yiuf
  1853 | D:3      | Reached skill level 6 in Unarmed Combat
  1853 | D:3      | Reached XP level 5. HP: 42/45 MP: 4/4
  1904 | D:3      | Noticed Robin
  1950 | D:3      | Killed Robin
  2195 | D:3      | Found a stormy altar of Qazlal.
  2200 | D:3      | Found a shimmering altar of Xom.
  2319 | D:3      | Reached skill level 7 in Unarmed Combat
  2365 | D:3      | Reached XP level 6. HP: 44/51 MP: 5/5
  2371 | D:3      | Found a glowing drain.
  2701 | D:3      | Upgraded the game from 0.20-a0-787-g4ba4951 to 0.20-a0-792-g09bcfd3
  2721 | D:4      | Found a sacrificial altar of Ru.
  2729 | D:4      | Noticed Natasha
  2738 | D:4      | Killed Natasha
  2824 | D:4      | Found a sparkling altar of Nemelex Xobeh.
  2896 | D:4      | Noticed Edmund
  2938 | D:3      | Reached skill level 8 in Unarmed Combat
  2951 | D:3      | HP: 2/51 [Edmund/flail of draining (1)]
  2972 | D:3      | Killed Edmund
  2972 | D:3      | Reached XP level 7. HP: 7/57 MP: 6/6
  3233 | D:4      | Noticed Natasha
  3240 | D:4      | Killed Natasha
  3264 | D:4      | Reached skill level 9 in Unarmed Combat
  3912 | D:5      | Entered Level 5 of the Dungeon
  3951 | D:5      | Found a staircase to the Ecumenical Temple.
  3978 | D:5      | Noticed Prince Ribbit
  4005 | Temple   | Entered the Ecumenical Temple
  4031 | Temple   | Became a worshipper of Makhleb the Destroyer
  4031 | Temple   | Reached * piety under Makhleb
  4031 | Temple   | Reached ** piety under Makhleb
  4290 | D:5      | Noticed Dowan
  4291 | D:5      | Noticed Duvessa
  4311 | D:5      | Killed Dowan
  4321 | D:5      | Killed Duvessa
  4509 | D:5      | Reached skill level 10 in Unarmed Combat
  4509 | D:5      | Reached XP level 8. HP: 63/63 MP: 7/7
  4762 | D:5      | Reached skill level 1 in Armour
  4762 | D:5      | Reached skill level 1 in Invocations
  4769 | D:5      | Noticed a two-headed ogre
  4790 | D:5      | Slain by a two-headed ogre

Vault maps used:
D:1:      minmay_arrival_stair_chambers
D:2:      wad_crossroads, uniq_crazy_yiuf_cottage
D:3:      amethyst_overflow_temple_binary, gup_sewer_entry_spiral, uniq_robin
D:4:      lemuel_doored_altar, first_bread, corexii_leaking_fountain,
          st_stairs_6, nicolae_ru_path_of_blood, uniq_natasha, uniq_edmund
D:5:      minmay_temple_entry_statues, lexackson_kobold_supper,
          uniq_prince_ribbit1, uniq_duvessa
Temple:   cyrus_circular_temple

Skill      XL: |  1  2  3  4  5  6  7  8 |
---------------+-------------------------+-----
Unarmed Combat | 4 5 6 7 8 10 | 10.4
Armour         | 1 |  1.0
Invocations    | 1 |  1.2
Fighting       | |  3.6
Dodging        | |  2.6
Stealth        | |  2.1

Action                   |  1- 3 |  4- 6 |  7- 9 || total
-------------------------+-------+-------+-------++-------
Melee: Unarmed           |    78 |   197 |   100 ||   375
       Punch             |       |     2 |     7 ||     9
Evoke: Wand              |       |       |     5 ||     5
  Use: Scroll            |       |     8 |     4 ||    12
       Potion            |       |     1 |     4 ||     5
 Stab: Sleeping          |    12 |     2 |       ||    14
  Eat: Chunk             |     8 |    12 |     5 ||    25
Armor: Robe              |    13 |     7 |       ||    20
       Ring mail         |       |    56 |    26 ||    82
Dodge: Dodged            |    32 |   100 |    56 ||   188
